Map: Tuonela LE

Players

diferm - Winner!

  • Race: Protoss Protoss
  • Spawn Location: 5:00

Archonic - Winner!

  • Race: Protoss Protoss
  • Spawn Location: 6:00

KGDALSIN - Winner!

  • Race: Terran Terran
  • Spawn Location: 5:00

KingofATL - Winner!

  • Race: Protoss Protoss
  • Spawn Location: 3:00

LIM

  • Race: Terran Terran
  • Spawn Location: 12:00

Undertaker

  • Race: Terran Terran
  • Spawn Location: 11:00

Setadoon

  • Race: Protoss Protoss
  • Spawn Location: 9:00

butty

  • Race: Terran Terran
  • Spawn Location: 11:00

VOD

Have the link to the VOD?

Description

Time

  • Played on: Aug. 5, 2022, 2:25 a.m.
  • Length: 25:42
Show
View Real Time Build Order
Export as new Build Order

diferm Protoss - Winner!

Build Orders: Nexus First 

Get SALT Encoding   

  12  0:00  Probe  
  13  0:12  Probe  
  14  0:17  Pylon  
  14  0:24  Probe  
  15  0:36  Probe (Chrono Boost)  
  16  0:48  Probe (Chrono Boost)  
  17  0:58  Nexus  
  17  1:01  Probe  
  18  1:13  Gateway  
  18  1:18  Probe  
  19  1:21  Assimilator  
  19  1:30  Probe, Assimilator  
  20  1:37  Pylon  
  20  1:42  Probe  
  21  1:54  Probe  
  22  2:03  Cybernetics Core  
  22  2:06  Probe (Chrono Boost)  
  23  2:18  Probe (Chrono Boost)  
  25  2:23  Probe x2 (Chrono Boost)  
  26  2:33  Probe x2 (Chrono Boost)  
  28  2:38  Forge  
  28  2:39  Warp Gate  
  28  2:45  Probe x2 (Chrono Boost)  
  28  2:47  Pylon  
  30  2:52  Pylon  
  30  2:53  Probe x2 (Chrono Boost)  
  32  2:59  Probe x2  
  32  3:03  Robotics Facility  
  34  3:11  Probe  
  34  3:12  Photon Cannon  
  35  3:24  Robotics Facility  
  35  3:26  Pylon  
  35  3:33  Probe x2  
  37  3:42  Photon Cannon  
  37  3:45  Probe x2  
  39  3:50  Assimilator  
  39  3:52  Photon Cannon  
  39  3:54  Immortal (Chrono Boost)  
  39  3:57  Probe  
  39  4:00  Protoss Ground Weapons Level 1  
  44  4:06  Probe  
  44  4:09  Robotics Bay  
  45  4:16  Immortal  
  49  4:26  Immortal  
  53  4:42  Probe  
  54  4:57  Pylon  
  54  5:04  Immortal  
  58  5:29  Immortal  
  62  5:39  Extended Thermal Lance  
  62  5:40  Probe x2  
  64  5:43  Forge  
  64  6:00  Probe x2  
  66  6:07  Pylon  
  66  6:09  Pylon  
  66  6:12  Probe x2  
  68  6:18  Protoss Ground Armor Level 1  
  68  6:19  Shield Battery  
  68  6:22  Assimilator  
  68  6:24  Probe x2  
  68  6:25  Shield Battery  
  70  6:36  Probe  
  71  6:44  Nexus, Colossus  
  71  6:45  Colossus  
  83  6:49  Shield Battery  
  83  6:56  Shield Battery  
  83  7:15  Twilight Council  
  83  7:21  Pylon  
  83  7:24  Pylon  
  83  7:33  Gateway  
  83  7:36  Gateway  
  83  7:38  Colossus  
  83  7:39  Gateway x2  
  83  7:42  Gateway  
  89  7:45  Pylon  
  89  7:46  Gateway  
  89  7:51  Gateway  
  89  8:23  Stalker  
  89  8:26  Assimilator  
  91  8:29  Assimilator  
  91  8:33  Protoss Ground Weapons Level 2 (Chrono Boost), Protoss Ground Armor Level 2 (Chrono Boost)  
  91  8:38  Charge  
  91  8:42  Templar Archives  
  91  8:45  Observer  
  91  8:46  Observer  
  93  9:19  Zealot  
  93  9:22  Zealot  
  93  9:23  Zealot x6  
  109  9:26  Probe x2  
  111  9:35  Photon Cannon  
  111  9:39  Photon Cannon, Shield Battery  
  111  9:40  Shield Battery  
  111  9:45  Stalker  
  111  9:46  Stalker x6  
  111  9:47  Stalker  
  111  9:50  Shield Battery  
  127  9:58  Psionic Storm  
  127  10:07  Gateway  
  127  10:08  Gateway  
  127  10:10  Gateway  
  127  10:13  Gateway  
  127  10:45  Stalker x3  
  133  10:50  Nexus  
  133  10:51  Pylon  
  133  10:52  Blink  
  133  10:56  Gravitic Boosters  
  105  11:41  Stalker x7  
  105  11:42  Stalker x4  
  105  11:43  Stalker  
  107  12:05  High Templar x4  
  107  12:06  High Templar x2  
  117  12:24  Pylon  
  117  12:26  Pylon  
  117  12:29  Photon Cannon  
  115  12:30  Photon Cannon  
  115  12:35  Zealot  
  115  12:36  Zealot x4  
  115  12:37  Zealot  
  127  12:43  Nexus  
  127  12:57  Photon Cannon  
  127  12:59  Pylon  
  127  13:02  Pylon  
  127  13:05  Pylon  
  127  13:07  Stalker x5  
  127  13:08  Stalker x4  
  127  13:09  Stalker  
  147  13:48  Stalker  
  147  13:49  Stalker x3  
  147  13:50  Stalker x6  
  147  13:51  Stalker  
  147  13:52  Stalker  
  171  13:59  Protoss Ground Weapons Level 3 (Chrono Boost), Protoss Ground Armor Level 3 (Chrono Boost)  
  167  14:49  Zealot x5  
  167  14:50  Zealot x5  
  167  14:51  Zealot x2  
  191  15:13  Dark Shrine  
  153  16:09  Stalker x6  
  153  16:10  Stalker x4  
  169  16:11  Stalker x2  
  173  16:22  Assimilator  
  173  16:25  Assimilator  
  173  16:32  Observer x2  
  175  16:38  Observer  
  175  17:13  Photon Cannon  
  175  17:14  Photon Cannon  
  175  17:17  Pylon  
  175  17:24  Nexus  
  175  17:27  Photon Cannon  
  175  17:29  Photon Cannon  
  175  17:30  Pylon  
  175  17:32  Shield Battery  
  175  17:38  Colossus x2, Pylon  
  187  17:47  Shadow Stride  
  187  17:51  Gravitic Drive  
  187  17:55  Protoss Shields Level 1 (Chrono Boost)  
  87  20:01  High Templar x2  
  87  20:02  High Templar x5  
  87  20:03  High Templar  
  87  20:04  High Templar  
  79  20:32  Photon Cannon  
  79  20:35  Pylon  
  79  20:38  Pylon  
  79  20:41  Assimilator  
  79  20:45  Dark Templar x3, Assimilator  
  79  20:46  Dark Templar  
  87  21:10  Dark Templar x2  
  87  21:11  Dark Templar x2  
  89  21:18  Stalker x2  
  95  21:19  Stalker x2  
  95  21:20  Stalker x4  
  107  21:56  Dark Templar x4  
  114  22:02  Photon Cannon  
  114  22:03  Photon Cannon  
  114  22:06  Photon Cannon x2  
  94  23:32  Colossus  
  94  23:33  Colossus  
  106  23:36  Stalker x2  
  106  23:37  Stalker  
  106  23:38  Stalker x4  
  106  23:39  Stalker x4  
  106  23:40  Stalker  
  123  24:26  Warp Prism  
  121  25:38  Stalker x3  
  121  25:39  Stalker x3  
  133  25:40  Stalker  
Show
View Real Time Build Order
Export as new Build Order

Archonic Protoss - Winner!

Build Orders: Nexus First, Oracle Opening, Carriers, Carrier Rush 

Get SALT Encoding   

  12  0:00  Probe  
  13  0:12  Probe  
  14  0:25  Probe, Pylon  
  15  0:43  Probe (Chrono Boost)  
  16  0:53  Probe (Chrono Boost)  
  17  0:58  Probe (Chrono Boost)  
  18  1:05  Nexus  
  18  1:10  Probe  
  19  1:17  Gateway  
  19  1:22  Probe  
  19  1:25  Assimilator  
  20  1:29  Assimilator  
  20  1:34  Probe  
  20  1:38  Pylon  
  21  1:48  Probe (Chrono Boost)  
  22  1:58  Probe (Chrono Boost)  
  23  2:03  Probe (Chrono Boost)  
  23  2:04  Cybernetics Core  
  24  2:15  Probe  
  25  2:16  Forge  
  25  2:19  Probe  
  26  2:27  Probe  
  27  2:31  Probe  
  27  2:35  Assimilator  
  28  2:42  Probe (Chrono Boost), Stargate  
  29  2:44  Probe (Chrono Boost)  
  31  2:54  Probe (Chrono Boost)  
  31  2:55  Probe (Chrono Boost)  
  31  2:56  Photon Cannon  
  32  2:59  Probe (Chrono Boost)  
  32  3:04  Pylon  
  33  3:07  Probe  
  33  3:08  Assimilator  
  33  3:11  Probe  
  35  3:19  Probe  
  36  3:28  Fleet Beacon  
  36  3:31  Probe x2  
  38  3:37  Oracle (Chrono Boost)  
  41  3:43  Probe  
  41  3:44  Probe  
  43  3:55  Probe  
  43  3:56  Probe  
  45  4:04  Oracle (Chrono Boost)  
  45  4:08  Probe  
  49  4:24  Nexus  
  49  4:28  Pylon  
  49  4:31  Assimilator  
  49  4:32  Assimilator  
  49  4:50  Carrier (Chrono Boost)  
  49  4:56  Stargate  
  49  4:58  Stargate  
  55  5:00  Pylon  
  55  5:02  Pylon  
  55  5:03  Probe x2  
  57  5:33  Probe (Chrono Boost)  
  57  5:34  Probe (Chrono Boost)  
  59  5:39  Photon Cannon x2  
  59  5:41  Photon Cannon  
  59  5:42  Probe (Chrono Boost), Shield Battery x2  
  60  5:44  Pylon  
  60  5:51  Probe (Chrono Boost)  
  61  6:10  Carrier x3  
  79  6:44  Probe x3  
  82  6:56  Probe x3  
  85  7:08  Probe x2  
  85  7:11  Carrier x2 (Chrono Boost)  
  99  7:29  Pylon x2  
  99  7:47  Carrier  
  105  8:04  Probe  
  106  8:08  Pylon  
  106  8:09  Pylon  
  106  8:16  Probe  
  107  8:27  Nexus  
  107  8:29  Probe, Protoss Air Weapons Level 1 (Chrono Boost)  
  107  8:35  Carrier x2  
  107  8:39  Stargate x2  
  119  8:55  Carrier (Chrono Boost)  
  95  9:37  Probe (Chrono Boost)  
  96  9:44  Carrier x2 (Chrono Boost)  
  96  9:45  Carrier (Chrono Boost)  
  96  9:46  Carrier (Chrono Boost)  
  96  9:47  Probe (Chrono Boost)  
  96  9:52  Probe (Chrono Boost)  
  121  9:55  Assimilator  
  122  10:01  Assimilator  
  122  10:05  Pylon  
  122  10:06  Probe (Chrono Boost)  
  123  10:07  Pylon  
  123  10:12  Carrier  
  129  10:16  Probe (Chrono Boost)  
  129  10:17  Protoss Air Armor Level 1 (Chrono Boost)  
  130  10:26  Probe  
  130  10:27  Probe x3  
  134  10:39  Probe  
  134  10:41  Carrier  
  141  10:46  Shield Battery  
  141  10:47  Shield Battery  
  141  10:51  Shield Battery  
  141  10:52  Tempest  
  141  10:53  Tempest x2, Shield Battery  
  156  10:59  Protoss Shields Level 1  
  156  11:03  Twilight Council  
  156  11:06  Stargate  
  156  11:09  Pylon  
  156  11:10  Pylon  
  144  11:34  Tempest  
  144  11:35  Tempest x2  
  144  11:39  Probe (Chrono Boost)  
  160  11:41  Photon Cannon  
  160  11:43  Probe (Chrono Boost), Photon Cannon  
  160  11:44  Photon Cannon  
  162  11:50  Probe (Chrono Boost)  
  162  11:53  Probe x2 (Chrono Boost)  
  164  12:07  Carrier, Tempest  
  175  12:26  Unknown  
  172  12:40  Carrier  
  175  13:32  Probe  
  176  13:36  Carrier x2 (Chrono Boost)  
  176  13:44  Pylon  
  176  13:46  Photon Cannon  
  176  13:48  Pylon  
  176  13:49  Stargate x2  
  176  13:51  Photon Cannon  
  176  13:58  Probe (Chrono Boost)  
  176  14:00  Carrier (Chrono Boost)  
  183  14:03  Carrier (Chrono Boost)  
  183  14:07  Probe (Chrono Boost), Tempest (Chrono Boost)  
  195  14:22  Pylon  
  195  14:23  Pylon  
  194  14:40  Tempest, Pylon  
  181  15:17  Probe  
  161  15:35  Probe  
  141  16:10  Fleet Beacon  
  141  16:15  Pylon x2  
  141  16:25  Pylon  
  141  16:27  Pylon  
  141  16:28  Pylon  
  141  16:31  Pylon  
  141  16:34  Pylon  
  141  16:37  Pylon  
  141  16:43  Pylon  
  141  16:49  Probe  
  150  16:54  Nexus  
  150  16:55  Probe  
  150  16:58  Void Ray x2  
  150  17:01  Probe  
  152  17:08  Probe  
  153  17:20  Probe (Chrono Boost)  
  113  17:31  Probe (Chrono Boost)  
  112  17:40  Probe (Chrono Boost)  
  112  17:41  Void Ray x2, Probe (Chrono Boost)  
  114  17:45  Probe (Chrono Boost)  
  114  17:49  Probe  
  116  17:57  Probe  
  117  18:09  Probe  
  118  18:25  Probe (Chrono Boost)  
  119  18:34  Carrier  
  126  18:35  Probe (Chrono Boost)  
  126  18:40  Probe (Chrono Boost)  
  104  19:17  Gateway  
  71  19:53  Probe (Chrono Boost)  
  71  19:58  Assimilator  
  72  20:01  Assimilator  
  72  20:02  Probe (Chrono Boost)  
  72  20:03  Pylon  
  72  20:04  Probe (Chrono Boost)  
  72  20:06  Pylon  
  74  20:07  Probe (Chrono Boost)  
  74  20:10  Cybernetics Core  
  74  20:12  Probe  
  74  20:13  Probe  
  78  20:21  Probe (Chrono Boost), Flux Vanes  
  78  20:25  Probe (Chrono Boost)  
  80  20:35  Probe (Chrono Boost)  
  80  20:40  Probe (Chrono Boost)  
  81  20:49  Stargate  
  81  20:50  Stargate x2  
  81  20:51  Stargate  
  81  20:53  Stargate  
  81  20:55  Stargate x2  
  81  20:58  Stargate  
  81  21:06  Mothership (Chrono Boost)  
  89  21:14  Carrier (Chrono Boost)  
  95  21:33  Protoss Air Weapons Level 2 (Chrono Boost)  
  99  21:40  Void Ray  
  99  21:54  Void Ray  
  107  21:58  Void Ray  
  115  22:20  Void Ray x2  
  119  22:35  Void Ray  
  123  22:44  Void Ray  
  131  23:06  Void Ray x2  
  109  23:32  Phoenix x4  
  117  24:28  Carrier  
  117  24:29  Tempest  
  128  24:59  Nexus  
Show
View Real Time Build Order
Export as new Build Order

KGDALSIN Terran - Winner!

Build Orders:  

Get SALT Encoding   

  12  0:00  SCV  
  13  0:12  SCV  
  14  0:21  Supply Depot  
  14  0:24  SCV  
  15  0:43  SCV  
  15  0:49  Barracks  
  16  0:55  Barracks, SCV  
  17  1:06  Refinery  
  17  1:07  SCV  
  18  1:12  Refinery  
  18  1:19  SCV  
  19  1:31  SCV  
  20  1:41  Barracks  
  20  1:44  Orbital Command  
  20  1:49  Barracks Reactor  
  20  1:53  Barracks Reactor  
  20  2:09  SCV  
  21  2:17  Supply Depot  
  21  2:21  SCV  
  22  2:26  Marine  
  22  2:29  Barracks Tech Lab  
  23  2:38  Marine x3  
  23  2:39  Supply Depot, SCV  
  23  2:44  Marine  
  27  2:50  Combat Shield  
  28  2:53  Marine  
  28  2:56  Marine x2  
  31  3:01  Marine  
  31  3:02  Marine  
  33  3:11  Marine  
  34  3:14  Marine x2  
  34  3:18  Supply Depot  
  34  3:19  Marine x2  
  38  3:30  Marine  
  39  3:40  Marine x3  
  42  3:44  Supply Depot  
  42  3:46  Marine  
  42  3:48  Marine  
  44  3:57  Marine  
  44  4:01  Marine x2  
  47  4:04  Marine  
  47  4:06  Marine  
  49  4:15  Marine  
  49  4:19  Marine x2  
  49  4:22  Marine  
  49  4:24  Supply Depot  
  52  4:25  Marine  
  53  4:33  Marine  
  54  4:40  Marine  
  55  4:48  Marine  
  55  4:49  Marine x2  
  55  4:51  Marine  
  59  4:57  Supply Depot  
  59  4:58  Marine  
  60  5:06  Marine  
  51  5:41  Marine x4  
  51  5:42  Marine  
  35  5:59  Marine x5  
  37  6:17  Marine x5  
  42  6:34  Marine  
  42  6:35  Marine x4  
  47  6:52  Marine x2  
  47  6:53  Marine x3  
  52  7:02  Command Center  
  41  7:10  Marine x3  
  41  7:15  Marine x2  
  46  7:28  Marine x3  
  49  7:33  Marine  
  42  7:53  Marine x5  
  42  8:10  Marine  
  42  8:11  Marine x3  
  46  8:14  SCV  
  46  8:17  Orbital Command  
  47  8:26  SCV  
  48  8:27  Refinery  
  48  8:33  Refinery  
  48  8:39  SCV  
  43  8:51  SCV  
  42  9:03  SCV  
  42  9:05  Marine x4  
  42  9:06  Marine  
  48  9:11  Engineering Bay  
  48  9:12  SCV  
  48  9:13  Stimpack  
  48  9:14  Engineering Bay  
  48  9:15  SCV  
  50  9:24  SCV  
  50  9:28  SCV  
  49  9:36  SCV  
  44  9:39  Marine x5  
  44  9:40  SCV  
  50  9:48  SCV  
  50  9:52  SCV  
  48  9:57  Marine x5, Engineering Bay  
  51  10:00  SCV  
  51  10:04  SCV  
  51  10:05  Terran Infantry Armor Level 1, Terran Infantry Weapons Level 1  
  53  10:13  Command Center  
  53  10:14  Marine x2  
  53  10:15  Marine x3  
  58  10:27  Hi-Sec Auto Tracking  
  58  10:32  Marine x3  
  58  10:33  Marine x2  
  58  10:35  Factory  
  63  10:38  SCV x2  
  65  10:50  Marine x4, SCV x2  
  65  10:51  Marine  
  65  10:55  Concussive Shells  
  72  11:08  Marine x2  
  72  11:10  Marine x3  
  60  11:26  Marine x2  
  60  11:28  Marine x3  
  65  11:35  Orbital Command, Refinery  
  65  11:37  Refinery  
  65  11:41  Armory  
  65  11:43  Marine  
  65  11:44  Marine  
  65  11:46  Marine x3  
  70  12:01  Marine x2  
  70  12:03  Marine  
  70  12:04  Marine x2  
  75  12:19  Marine x2  
  75  12:21  Marine x2  
  75  12:22  Marine  
  77  12:42  Marine x5  
  79  12:53  Terran Infantry Armor Level 2, Terran Infantry Weapons Level 2  
  79  12:56  Neosteel Armor  
  79  12:57  SCV x2  
  71  12:59  Marine x2  
  71  13:00  Marine x3  
  76  13:17  Marine x3  
  76  13:18  Marine x2  
  81  13:30  Terran Vehicle And Ship Armor Level 1, Starport  
  81  13:32  SCV x3  
  81  13:33  Starport  
  84  13:35  Marine x4  
  84  13:36  Marine  
  89  13:44  SCV x3  
  92  13:53  Marine x5  
  97  13:56  SCV x3  
  100  14:08  SCV  
  101  14:11  Marine x5  
  101  14:13  Starport Reactor x2  
  106  14:25  Supply Depot x2  
  106  14:28  Marine  
  106  14:29  Marine x2  
  109  14:46  Marine x4  
  109  14:47  Marine  
  109  14:48  Supply Depot x2  
  114  14:54  Medivac  
  114  14:55  Medivac x3  
  117  15:04  Marine x5  
  122  15:11  Supply Depot  
  122  15:13  Supply Depot  
  122  15:21  Marine x2  
  122  15:22  Marine x2  
  122  15:23  Terran Infantry Weapons Level 3  
  122  15:24  Terran Infantry Armor Level 3, Medivac  
  122  15:25  Medivac x3  
  134  15:36  Supply Depot  
  134  15:38  Supply Depot  
  132  15:54  Medivac x2  
  132  15:55  Medivac x2  
  138  16:02  Marine x5  
  125  16:19  Marine x2  
  125  16:20  Marine x3  
  125  16:24  Medivac x2  
  125  16:25  Medivac x2  
  138  16:26  Missile Turret  
  138  16:30  Missile Turret x2  
  138  16:31  Missile Turret  
  138  16:33  Command Center  
  138  16:37  Marine x3  
  138  16:38  Marine x2  
  143  16:54  Medivac x2  
  143  16:55  Medivac x2, Marine x3  
  143  16:57  Marine x2  
  156  17:13  Marine x3  
  156  17:14  Marine  
  156  17:15  Marine  
  161  17:24  Medivac x2  
  161  17:25  Medivac x2  
  169  17:31  Marine x3  
  169  17:32  Marine  
  173  17:43  Supply Depot  
  173  17:44  Marine  
  173  17:45  Planetary Fortress  
  173  17:48  Marine  
  173  17:49  Marine x2  
  173  17:50  Marine  
  173  17:51  Supply Depot  
  176  18:07  Supply Depot  
  139  18:15  Supply Depot  
  113  18:27  Marine x5  
  113  18:30  Supply Depot  
  118  18:39  Supply Depot  
  118  18:41  Refinery  
  118  18:43  Refinery  
  118  18:45  Marine x5  
  123  18:51  Viking x2  
  123  18:53  Supply Depot  
  127  19:02  Marine, Supply Depot  
  127  19:03  Marine x4  
  132  19:16  Supply Depot  
  127  19:20  Marine x3  
  127  19:21  Marine x2  
  128  19:29  Viking x4  
  136  19:38  Marine x4  
  136  19:39  Marine  
  136  19:40  Supply Depot  
  120  19:56  Marine x5  
  125  20:01  Viking x3  
  125  20:02  Viking  
  133  20:14  Marine x5  
  130  20:31  Marine  
  130  20:32  Marine x4  
  134  20:37  Viking x4  
  142  20:49  Marine x2  
  139  20:50  Marine x3  
  126  21:07  Marine x3, Viking x4  
  126  21:08  Marine x2  
  119  21:25  Marine x5  
  116  21:37  Viking x3  
  120  21:43  Marine x5  
  125  21:51  SCV x3  
  125  21:52  SCV  
  129  22:00  Marine  
  129  22:01  Marine x4  
  134  22:14  Medivac x2, Viking  
  134  22:15  Viking  
  142  22:18  Marine x2  
  142  22:19  Marine x3  
  147  22:36  Marine x3  
  147  22:37  Marine x2  
  152  22:44  Viking x3  
  152  22:45  Medivac  
  160  22:54  Marine x4  
  160  22:55  Marine  
  165  23:12  Marine x5  
  168  23:14  Medivac x3  
  176  23:29  Medivac  
  176  23:30  Marine x5  
  178  23:44  Viking x3  
  178  23:47  Marine  
  178  23:48  Marine x4  
  189  23:59  Viking  
  181  24:05  Marine x3  
  181  24:06  Marine x2  
  111  24:14  Viking x3  
  107  24:23  Marine x4  
  107  24:24  Marine  
  111  24:29  Viking  
  114  24:41  Marine x5  
  114  24:44  Viking  
  121  24:51  Medivac, Viking  
  125  24:59  Medivac, Marine x5  
  132  25:16  Marine  
  132  25:17  Marine x4  
Show
View Real Time Build Order
Export as new Build Order

KingofATL Protoss - Winner!

Build Orders:  

Get SALT Encoding   

  12  0:00  Probe (Chrono Boost)  
  13  0:10  Probe (Chrono Boost)  
  14  0:16  Probe  
  15  0:33  Pylon  
  15  0:37  Pylon  
  15  0:42  Assimilator  
  15  0:55  Probe  
  16  1:01  Gateway  
  16  1:07  Probe (Chrono Boost)  
  18  1:19  Probe (Chrono Boost)  
  18  1:24  Probe (Chrono Boost)  
  19  1:30  Nexus  
  19  1:33  Probe  
  19  1:39  Assimilator  
  20  1:51  Cybernetics Core  
  20  2:04  Probe (Chrono Boost)  
  20  2:05  Pylon  
  22  2:16  Probe (Chrono Boost)  
  22  2:21  Probe (Chrono Boost)  
  23  2:25  Gateway  
  23  2:27  Adept  
  23  2:29  Warp Gate  
  25  2:47  Probe  
  25  2:48  Robotics Facility  
  25  2:49  Probe  
  27  2:58  Adept  
  27  2:59  Probe  
  30  3:15  Sentry  
  32  3:22  Pylon  
  32  3:29  Zealot  
  34  3:46  Stalker  
  34  3:57  Robotics Bay  
  34  4:01  Probe x2 (Chrono Boost)  
  36  4:04  Stalker  
  37  4:11  Probe (Chrono Boost)  
  37  4:13  Probe (Chrono Boost)  
  37  4:16  Probe (Chrono Boost), Observer  
  39  4:20  Assimilator  
  39  4:22  Probe, Assimilator  
  41  4:27  Probe  
  42  4:34  Probe  
  43  4:40  Probe  
  40  4:45  Stalker x2  
  40  4:46  Probe  
  40  4:52  Probe  
  44  4:58  Probe  
  27  5:10  Probe  
  23  5:36  Probe  
  23  5:39  Zealot  
  26  5:49  Probe (Chrono Boost)  
  28  5:54  Probe (Chrono Boost)  
  28  6:03  Probe (Chrono Boost)  
  28  6:07  Probe  
  28  6:08  Pylon  
  28  6:09  Extended Thermal Lance (Chrono Boost)  
  30  6:15  Probe  
  30  6:17  Pylon  
  31  6:20  Probe, Gateway  
  31  6:24  Forge  
  32  6:26  Colossus (Chrono Boost)  
  32  6:27  Probe  
  32  6:32  Probe  
  40  6:36  Stalker  
  40  6:39  Probe  
  43  6:44  Probe  
  44  6:51  Probe  
  45  6:55  Pylon  
  45  6:57  Probe  
  45  6:59  Stalker  
  48  7:03  Probe  
  48  7:06  Pylon  
  48  7:07  Protoss Ground Weapons Level 1 (Chrono Boost)  
  49  7:08  Colossus (Chrono Boost)  
  49  7:09  Probe  
  56  7:23  Gateway  
  56  7:30  Pylon  
  56  7:36  Probe x2  
  58  7:45  Stalker x2  
  58  7:47  Colossus (Chrono Boost)  
  68  8:13  Stalker  
  68  8:14  Stalker  
  72  8:20  Probe, Twilight Council  
  72  8:21  Probe  
  72  8:26  Pylon  
  74  8:27  Pylon  
  74  8:30  Pylon  
  74  8:31  Nexus  
  74  8:33  Probe, Pylon  
  75  8:45  Assimilator  
  75  8:46  Pylon  
  75  8:50  Assimilator  
  75  8:55  Stalker x3  
  81  9:10  Colossus (Chrono Boost)  
  81  9:44  Stalker x2  
  81  9:45  Stalker  
  61  9:52  Probe  
  62  9:53  Probe  
  62  9:54  Probe  
  62  9:57  Colossus (Chrono Boost)  
  70  10:02  Shield Battery  
  70  10:04  Probe, Shield Battery  
  70  10:05  Probe, Photon Cannon  
  70  10:06  Probe, Photon Cannon  
  73  10:10  Shield Battery  
  73  10:11  Photon Cannon  
  73  10:16  Probe  
  73  10:18  Probe x2  
  76  10:23  Photon Cannon  
  76  10:26  Pylon  
  76  10:28  Probe  
  76  10:30  Probe x2, Pylon  
  76  10:31  Stalker x3  
  85  10:42  Probe x2  
  87  10:43  Protoss Ground Weapons Level 2 (Chrono Boost)  
  87  10:46  Blink (Chrono Boost)  
  87  10:50  Colossus (Chrono Boost), Robotics Facility  
  87  10:54  Probe  
  94  11:00  Forge  
  94  11:02  Forge  
  94  11:23  Zealot x3  
  100  11:33  Probe  
  101  11:45  Probe  
  102  11:47  Stalker x2  
  102  11:48  Stalker  
  108  11:57  Probe  
  108  11:58  Colossus (Chrono Boost)  
  95  12:15  Disruptor (Chrono Boost), Sentry x3  
  76  12:23  Charge (Chrono Boost)  
  74  12:40  Zealot x3  
  69  12:58  Disruptor x2  
  72  12:59  Protoss Ground Weapons Level 3 (Chrono Boost)  
  72  13:01  Protoss Shields Level 1, Protoss Ground Armor Level 1  
  72  13:02  Pylon  
  72  13:04  Stalker x3  
  81  13:10  Pylon  
  81  13:19  Gateway  
  81  13:21  Gateway  
  81  13:23  Stargate  
  81  13:28  Stalker x3  
  83  14:14  Colossus  
  83  14:15  Colossus  
  95  14:23  Zealot x3  
  95  14:24  Zealot x2  
  103  14:54  Stalker x3  
  103  14:55  Stalker x2  
  105  15:17  Zealot  
  105  15:18  Zealot x4  
  115  15:22  Protoss Ground Armor Level 2 (Chrono Boost)  
  115  15:25  Fleet Beacon  
  115  15:28  Protoss Shields Level 2 (Chrono Boost)  
  115  15:38  Zealot x2  
  115  15:39  Zealot x3  
  115  15:41  Protoss Air Weapons Level 1 (Chrono Boost)  
  125  15:50  Warp Prism  
  127  16:04  Nexus, Photon Cannon  
  113  16:06  Photon Cannon  
  113  16:08  Photon Cannon  
  113  16:11  Photon Cannon  
  113  16:12  Shield Battery  
  113  16:14  Pylon  
  113  16:35  Zealot x2  
  113  16:36  Zealot x3  
  123  16:55  Gateway x2  
  123  16:56  Gateway  
  123  16:57  Gateway  
  123  16:58  Gateway  
  123  17:02  Assimilator  
  123  17:07  Observer, Assimilator  
  124  17:22  Stalker x5  
  134  17:43  Carrier  
  140  17:52  Templar Archives  
  140  18:05  Gravitic Boosters (Chrono Boost), Protoss Air Weapons Level 2 (Chrono Boost)  
  140  18:08  Protoss Shields Level 3 (Chrono Boost)  
  140  18:11  Protoss Ground Armor Level 3 (Chrono Boost)  
  116  18:38  Stalker x3  
  116  18:39  Stalker x4  
  116  18:40  Stalker x3  
  136  18:46  Colossus x2  
  148  18:54  Carrier  
  154  19:31  Pylon  
  154  19:34  Pylon  
  154  19:36  Pylon  
  154  19:39  Pylon  
  105  20:31  Stalker x2  
  105  20:32  Stalker x5  
  105  20:33  Stalker x3  
  111  21:33  Stargate  
  111  21:37  Pylon  
  111  21:40  Stargate  
  111  21:43  Stargate  
  111  22:17  Gateway  
  111  22:20  Gateway  
  111  22:22  Carrier x4 (Chrono Boost)  
  111  22:24  Photon Cannon  
  111  22:27  Photon Cannon  
  111  22:29  Photon Cannon  
  111  22:32  Photon Cannon  
  111  22:36  Photon Cannon  
  135  23:17  Carrier x2  
  135  23:18  Carrier x2  
Show
View Real Time Build Order
Export as new Build Order

LIM Terran 

Build Orders:  

Get SALT Encoding   

  12  0:04  SCV  
  13  0:18  Supply Depot, SCV  
  14  0:31  SCV  
  15  0:43  Barracks  
  15  0:46  SCV  
  16  0:56  Supply Depot  
  16  0:58  SCV  
  17  1:11  SCV  
  18  1:31  SCV  
  18  1:32  Command Center  
  19  1:33  Marine  
  20  1:43  SCV  
  21  1:47  Refinery  
  21  1:50  Marine  
  22  1:55  SCV  
  23  2:07  SCV  
  24  2:08  Marine  
  25  2:18  Refinery  
  25  2:19  SCV  
  26  2:26  Marine  
  27  2:31  SCV  
  27  2:35  Barracks  
  28  2:43  SCV  
  29  2:44  SCV  
  29  2:50  Marine  
  31  2:55  SCV  
  31  2:56  Factory, SCV  
  33  3:08  Engineering Bay, SCV x2  
  35  3:20  Barracks Tech Lab, SCV  
  35  3:21  SCV  
  35  3:23  Barracks Reactor  
  37  3:32  SCV  
  37  3:33  SCV  
  39  3:36  Terran Infantry Weapons Level 1  
  39  3:39  Missile Turret  
  39  3:40  Missile Turret  
  39  3:41  Factory Tech Lab  
  39  3:43  Stimpack  
  39  3:44  SCV  
  39  3:45  SCV  
  41  3:56  SCV  
  41  3:57  SCV  
  41  3:58  Supply Depot  
  41  4:02  Supply Depot  
  43  4:08  Siege Tank  
  46  4:14  Refinery  
  46  4:19  SCV x2  
  46  4:22  Supply Depot  
  48  4:29  Starport  
  48  4:31  SCV x2  
  48  4:32  Marine  
  48  4:33  Marine x2  
  53  4:43  SCV x2  
  55  4:46  Siege Tank  
  58  4:53  Refinery  
  58  4:55  Supply Depot, SCV x2  
  58  4:56  Marine x2  
  58  4:57  Marine  
  63  5:07  Medivac  
  65  5:12  Supply Depot  
  65  5:14  Marine  
  65  5:15  Marine  
  65  5:16  Marine  
  65  5:19  Siege Tank  
  71  5:27  Combat Shield  
  71  5:32  Marine  
  70  5:49  Starport Reactor  
  70  5:55  Terran Infantry Armor Level 1  
  70  6:03  Marine x2  
  70  6:04  Marine  
  72  6:07  Siege Tank  
  72  6:08  Barracks  
  72  6:09  Barracks, Command Center  
  76  6:12  Barracks, SCV  
  76  6:13  Barracks  
  76  6:15  Armory  
  77  6:24  SCV  
  78  6:26  Missile Turret  
  78  6:29  Missile Turret  
  78  6:32  Missile Turret  
  78  6:33  Medivac x2  
  78  6:36  SCV  
  78  6:38  Missile Turret  
  83  6:41  Siege Tank  
  86  6:53  Engineering Bay  
  86  6:58  Supply Depot  
  86  6:59  Supply Depot  
  86  7:00  Supply Depot  
  86  7:04  Terran Vehicle Weapons Level 1  
  86  7:12  Barracks Reactor x2  
  86  7:13  Barracks Reactor x2  
  86  7:20  Medivac, SCV  
  89  7:26  SCV  
  89  7:29  Refinery  
  90  7:32  SCV  
  91  7:38  SCV  
  91  7:40  SCV  
  91  7:41  Terran Infantry Weapons Level 2  
  93  7:44  SCV  
  93  7:51  SCV  
  95  7:52  SCV  
  95  7:55  Medivac x2  
  95  7:56  SCV  
  95  7:57  Marine  
  95  7:58  Marine x4  
  104  8:03  Marine x3, SCV  
  104  8:04  Refinery, Marine  
  111  8:06  Marine  
  111  8:07  Marine  
  111  8:08  SCV  
  111  8:12  Terran Infantry Armor Level 2  
  114  8:15  SCV  
  114  8:19  Marine x4  
  118  8:20  Marine  
  118  8:21  Marine, SCV  
  118  8:24  Marine x3  
  125  8:30  Supply Depot  
  125  8:32  Supply Depot  
  125  8:51  Marine x5  
  125  8:52  Marine x3  
  125  8:54  Marine x3  
  136  8:59  Supply Depot, Terran Ship Weapons Level 1  
  136  9:02  Supply Depot  
  136  9:09  Marine x4  
  139  9:20  Medivac  
  139  9:21  Medivac, Marine x4  
  139  9:23  Marine x3  
  150  9:27  Marine x2  
  152  9:50  Medivac  
  152  9:51  Medivac  
  156  9:53  Supply Depot  
  156  9:54  Marine  
  156  9:56  Supply Depot  
  156  9:58  Supply Depot  
  156  9:59  Terran Infantry Weapons Level 3  
  157  10:01  Supply Depot  
  157  10:02  Supply Depot  
  157  10:08  Supply Depot  
  157  10:14  Marine x8  
  157  10:15  Orbital Command  
  157  10:17  Marine x3  
  168  10:25  Siege Tank  
  171  10:31  Supply Depot  
  171  10:32  Marine x4  
  171  10:33  Terran Infantry Armor Level 3  
  175  10:44  Orbital Command  
  175  10:45  Orbital Command  
  175  10:48  Marine x6  
  175  10:49  Marine  
  182  10:50  Marine x4  
  182  10:52  Terran Vehicle Weapons Level 2  
  182  10:55  Barracks  
  186  10:57  Concussive Shells, Siege Tank  
  186  10:58  Barracks  
  189  11:06  Marine x2  
  191  11:29  Siege Tank  
  194  11:37  Armory  
  194  11:38  Starport  
  194  12:01  Siege Tank  
  157  12:16  Marine  
  157  12:17  Marine x12  
  162  12:34  Marine x4, Siege Tank  
  162  12:35  Marine x9  
  160  12:52  Marine x10  
  160  12:53  Marine x3  
  163  13:09  Marine  
  163  13:10  Marine x11  
  163  13:11  Marauder  
  173  13:27  Marine  
  173  13:28  Marine x11  
  173  13:32  Marauder  
  187  13:40  Medivac x2  
  191  13:41  Siege Tank  
  191  13:45  Marine  
  191  13:46  Marine x5  
  200  14:03  Barracks Reactor  
  200  14:17  Terran Vehicle Weapons Level 3  
  200  14:18  Terran Ship Weapons Level 2  
  196  15:18  Marine x4  
  196  15:21  Marauder  
  194  15:40  Marine x3  
  194  15:41  Marine x2  
  146  16:09  Marine  
  146  16:10  Marine x12  
  102  16:13  Medivac x2  
  102  16:16  Starport Reactor  
  106  16:21  Siege Tank  
  109  16:27  Marine x2  
  109  16:28  Marine x9  
  121  16:35  Terran Vehicle And Ship Armor Level 1  
  121  16:42  Medivac, Barracks Tech Lab  
  121  16:43  Medivac  
  121  16:44  Barracks Tech Lab  
  121  16:45  Marine x2  
  121  16:46  Marine x9  
  134  16:53  Medivac, Siege Tank  
  134  16:54  Medivac  
  141  16:59  Terran Ship Weapons Level 3  
  141  17:00  Marine  
  142  17:03  Marine x11  
  153  17:08  Marine  
  153  17:12  Medivac  
  153  17:13  Medivac  
  158  17:18  Marine  
  158  17:20  Marine  
  158  17:21  Marine x10  
  170  17:25  Siege Tank  
  170  17:26  Marine  
  170  17:27  Medivac x2  
  178  17:35  Marine  
  179  17:38  Marine  
  179  17:39  Marine x10  
  190  17:44  Marine  
  191  17:53  Marine  
  191  17:56  Marine  
  191  17:57  Marine x4, Siege Tank  
  199  18:11  Marine  
  169  18:20  Marine x4  
  169  18:21  Marine x2  
  169  18:26  Marine x2  
  161  18:27  Marine x3  
  161  18:28  Marine  
  161  18:29  Siege Tank  
  168  18:40  Marine x6  
  162  19:00  Marine x2  
  162  19:01  Marine x5  
  169  19:07  Marine x3  
  158  19:34  Marine x3  
  158  19:35  Marine x2  
  146  19:52  Marine x3  
  95  20:28  Orbital Command  
  37  24:22  Orbital Command  
  30  25:09  Marine  
  30  25:10  Marine x5  
  30  25:13  Marine  
Show
View Real Time Build Order
Export as new Build Order

Undertaker Terran 

Build Orders:  

Get SALT Encoding   

  12  0:00  SCV  
  13  0:13  SCV  
  14  0:28  Supply Depot  
  14  0:30  SCV  
  15  0:49  SCV  
  16  1:01  SCV  
  17  1:16  Barracks  
  17  1:21  SCV  
  17  1:22  Barracks  
  18  1:29  Barracks  
  18  1:33  SCV  
  19  1:45  SCV  
  20  1:52  Command Center  
  20  2:05  Orbital Command  
  20  2:11  Barracks  
  20  2:28  Supply Depot  
  20  2:32  Barracks  
  20  2:38  Barracks  
  20  2:47  Marine x2  
  20  2:50  Marine  
  23  2:56  SCV  
  24  3:03  Marine  
  25  3:07  Marine  
  25  3:08  Marine x2  
  25  3:11  Bunker  
  28  3:20  Marine  
  28  3:22  Marine  
  28  3:25  Orbital Command  
  28  3:26  Marine  
  31  3:27  Marine x2  
  31  3:31  SCV  
  31  3:32  Marine  
  35  3:46  Marine x3  
  38  3:54  Marine x3  
  38  4:04  Marine x3  
  40  4:12  Marine x3  
  43  4:19  SCV  
  43  4:20  SCV  
  43  4:21  Marine  
  46  4:26  Supply Depot  
  46  4:39  Marine  
  38  5:04  Marine x6  
  37  5:21  Marine  
  37  5:22  Marine x2  
  37  5:24  SCV x2  
  42  5:28  Refinery  
  42  5:29  Refinery  
  42  5:30  Refinery x2  
  42  5:36  SCV x2  
  42  5:38  Engineering Bay  
  42  5:39  Command Center  
  43  5:48  SCV  
  43  5:49  Marine  
  43  5:50  Marine x2  
  45  5:59  Marine x3  
  48  6:07  Marine x2  
  48  6:08  Marine  
  52  6:11  SCV x2  
  52  6:17  Marine  
  54  6:23  Marine x2, SCV x2  
  54  6:25  Marine  
  59  6:35  SCV x2  
  59  6:37  Factory  
  61  6:44  Marine x2  
  61  6:45  Marine x3  
  66  6:47  SCV x2  
  68  6:55  Planetary Fortress  
  68  6:57  Bunker  
  68  6:58  Marine  
  68  6:59  SCV  
  68  7:00  SCV  
  70  7:02  Marine x4  
  69  7:09  Marine  
  69  7:11  SCV  
  69  7:12  SCV  
  72  7:15  Marine  
  72  7:17  Neosteel Armor  
  73  7:24  SCV x2  
  73  7:25  Marine x2  
  77  7:32  Starport  
  77  7:33  Starport  
  77  7:35  SCV  
  77  7:36  SCV x2  
  80  7:39  Bunker  
  80  7:47  SCV  
  80  7:48  SCV  
  73  8:22  Starport Reactor x2  
  73  8:24  Fusion Core  
  73  8:29  Starport  
  73  8:31  Armory  
  73  8:34  Command Center, SCV  
  73  8:35  Armory  
  74  8:46  SCV  
  75  8:55  SCV x2  
  77  8:58  SCV  
  77  9:11  Starport Reactor  
  77  9:14  Advanced Ballistics  
  77  9:16  SCV x3  
  79  9:24  Hi-Sec Auto Tracking  
  79  9:28  SCV x3  
  82  9:40  SCV x2  
  84  9:47  Terran Ship Weapons Level 1  
  84  9:48  Terran Vehicle And Ship Armor Level 1  
  84  9:49  Liberator x4  
  84  9:50  SCV  
  84  9:52  SCV x2  
  100  9:55  Refinery  
  100  9:57  Refinery  
  99  10:02  SCV  
  100  10:11  Refinery x2  
  100  10:14  Supply Depot x2, SCV  
  100  10:16  Supply Depot, SCV x2  
  100  10:17  Supply Depot, SCV  
  104  10:26  SCV  
  105  10:28  SCV  
  105  10:35  SCV  
  105  10:42  Missile Turret, Liberator x2  
  109  10:43  Liberator x2  
  109  10:44  Liberator  
  121  10:52  Liberator  
  121  10:55  SCV  
  125  11:33  Liberator  
  125  11:34  Liberator x3  
  125  11:37  Command Center  
  137  11:42  Terran Vehicle And Ship Armor Level 2, Terran Ship Weapons Level 2  
  137  11:53  SCV  
  137  11:54  SCV  
  139  11:59  Barracks  
  139  12:20  Liberator x4  
  139  12:21  Supply Depot  
  148  12:51  Liberator x2  
  148  12:53  Orbital Command  
  148  12:56  Planetary Fortress  
  154  12:59  Missile Turret  
  154  13:00  Missile Turret  
  154  13:03  Liberator x2  
  154  13:04  Missile Turret  
  160  13:05  Bunker  
  160  13:06  Bunker x2  
  160  13:07  Bunker  
  160  13:13  Liberator x2  
  166  13:20  Missile Turret  
  154  13:34  Liberator  
  154  13:36  Bunker  
  154  13:37  Bunker, Liberator  
  154  13:38  Bunker  
  160  13:41  Bunker  
  160  13:45  Liberator x2  
  166  13:50  Missile Turret  
  166  13:53  Missile Turret  
  163  14:13  SCV x2  
  163  14:14  SCV x3  
  163  14:15  Liberator  
  163  14:16  Liberator  
  148  14:55  Liberator  
  148  14:56  Liberator x3  
  154  15:00  Terran Ship Weapons Level 3  
  154  15:01  Terran Vehicle And Ship Armor Level 3  
  108  15:59  Liberator x6  
  126  16:35  Sensor Tower  
  126  16:36  Command Center  
  126  16:41  Liberator  
  126  16:42  Liberator x3, Command Center  
  136  16:56  Viking x2  
  140  17:24  Viking  
  140  17:25  Viking x3  
  140  17:26  Viking x2  
  149  17:37  Command Center  
  149  17:51  Planetary Fortress  
  149  17:53  Missile Turret  
  149  17:54  Viking x2, SCV x2  
  149  17:55  Viking x2  
  153  18:29  Viking x3  
  153  18:32  Factory Tech Lab  
  116  19:23  Viking x4  
  116  19:24  Viking  
  79  20:05  Liberator x6  
  89  20:47  Liberator  
  89  20:48  Liberator x2  
  81  21:09  Liberator x2  
  65  21:37  Liberator x2  
  65  21:38  Liberator x2  
  77  21:52  Liberator x2  
  83  21:56  Starport  
  83  21:58  Starport  
  83  22:20  Liberator x2  
  89  22:25  Liberator x2  
  95  22:34  Liberator  
  98  22:51  Smart Servos  
  98  22:54  Starport Reactor x2  
  98  22:58  Liberator  
  75  23:36  Liberator x5  
  75  23:37  Liberator x4  
  102  23:44  Liberator  
  90  24:34  Liberator  
Show
View Real Time Build Order
Export as new Build Order

Setadoon Protoss 

Build Orders:  

Get SALT Encoding   

  12  0:01  Probe  
  13  0:13  Probe  
  14  0:18  Pylon  
  14  0:25  Probe  
  15  0:40  Probe, Gateway  
  16  0:45  Assimilator  
  16  0:52  Probe  
  16  0:53  Assimilator  
  17  1:05  Probe  
  17  1:08  Gateway  
  18  1:17  Probe  
  19  1:28  Cybernetics Core  
  19  1:29  Probe  
  20  1:37  Pylon  
  20  1:41  Probe  
  21  1:53  Gateway  
  21  1:56  Probe, Warp Gate (Chrono Boost)  
  22  2:05  Stalker  
  24  2:10  Stalker  
  26  2:37  Nexus  
  26  2:46  Stalker  
  28  2:54  Stalker  
  30  3:01  Pylon  
  30  3:13  Gateway  
  30  3:20  Pylon  
  30  3:29  Stalker  
  32  3:37  Stalker  
  32  3:41  Probe  
  35  3:54  Stalker  
  37  3:57  Stalker  
  39  4:09  Stalker  
  41  4:14  Probe x2  
  43  4:30  Stalker x2  
  32  5:16  Probe x2  
  32  5:19  Stalker x3  
  38  5:28  Probe x2  
  40  5:40  Probe x2  
  38  5:53  Probe (Chrono Boost)  
  38  5:55  Probe (Chrono Boost)  
  40  6:00  Twilight Council  
  40  6:02  Stalker  
  40  6:04  Probe (Chrono Boost), Stalker  
  46  6:05  Probe (Chrono Boost)  
  46  6:08  Probe (Chrono Boost)  
  46  6:10  Probe (Chrono Boost)  
  48  6:19  Probe  
  48  6:22  Probe, Pylon  
  48  6:31  Probe  
  45  6:34  Probe  
  46  6:46  Assimilator x2, Stalker x2  
  46  6:47  Stalker  
  52  6:50  Blink (Chrono Boost)  
  52  6:57  Nexus  
  52  7:09  Probe  
  52  7:13  Probe  
  54  7:19  Gateway  
  54  7:21  Probe, Gateway  
  54  7:22  Gateway  
  55  7:25  Probe  
  56  7:30  Gateway  
  56  7:32  Pylon  
  56  7:33  Probe  
  57  7:38  Probe  
  56  7:59  Stalker x3  
  56  8:00  Stalker  
  64  8:10  Probe x3  
  67  8:22  Probe x3  
  67  8:23  Stalker x3  
  76  8:34  Probe  
  76  8:35  Probe x2  
  76  8:36  Stalker x2  
  76  8:37  Stalker  
  85  8:46  Probe  
  85  8:47  Probe  
  85  8:48  Pylon  
  87  8:49  Pylon  
  87  8:51  Pylon  
  87  8:59  Pylon  
  87  9:00  Stalker x2  
  87  9:01  Stalker  
  85  9:20  Stalker  
  85  9:21  Stalker x4  
  95  9:27  Pylon  
  95  9:28  Pylon  
  95  9:29  Pylon  
  95  9:31  Pylon  
  89  9:51  Stalker x5  
  89  9:52  Stalker x3  
  105  9:59  Forge  
  105  10:01  Forge  
  105  10:02  Forge  
  101  10:30  Stalker x3  
  101  10:31  Stalker x5  
  101  10:34  Assimilator x2  
  117  10:55  Stalker x5  
  117  10:56  Stalker x3  
  67  11:31  Stalker x7  
  67  11:32  Stalker  
  83  11:44  Protoss Ground Weapons Level 1, Protoss Shields Level 1, Protoss Ground Armor Level 1  
  79  11:50  Gateway  
  79  11:52  Gateway  
  77  11:55  Gateway  
  67  12:09  Stalker x4  
  67  12:10  Stalker x4  
  48  12:36  Stalker  
  48  12:37  Stalker x4  
  52  12:38  Stalker x2  
  38  13:15  Stalker x2  
  38  13:16  Stalker x5  
  38  13:18  Stalker  
  54  14:01  Nexus  
  52  14:16  Stalker x2  
  52  14:17  Stalker x6  
  54  14:49  Nexus  
  51  15:04  Stalker x3  
  34  16:38  Nexus  
  34  17:38  Assimilator x2  
  34  17:43  Charge (Chrono Boost)  
  34  17:45  Zealot x3  
  34  17:48  Gateway  
  40  17:55  Gateway  
  40  17:57  Gateway  
  40  17:59  Gateway  
  40  18:01  Gateway  
  40  18:03  Gateway  
  40  18:29  Zealot  
  40  18:30  Zealot x2  
  35  18:55  Zealot x7  
  45  18:56  Zealot  
  45  18:58  Zealot  
  39  19:30  Pylon  
  39  19:52  Zealot x3  
  41  19:53  Zealot x6  
  41  20:10  Nexus  
  23  20:36  Zealot x2  
  23  20:37  Zealot x6  
  39  20:53  Probe  
  40  21:04  Nexus  
  40  21:05  Probe  
  41  21:13  Zealot  
  41  21:14  Zealot x3  
  37  21:49  Zealot x3  
  37  21:50  Zealot x4  
  39  22:23  Zealot x2  
  39  22:24  Zealot x4  
  39  22:25  Zealot x3  
  57  22:39  Nexus  
  57  22:55  Zealot x2  
  57  22:56  Zealot x4  
Show
View Real Time Build Order
Export as new Build Order

butty Terran 

Build Orders: Command Center First (CC) 

Get SALT Encoding   

  12  0:00  SCV  
  13  0:12  SCV  
  14  0:17  Supply Depot  
  14  0:24  SCV  
  15  0:38  SCV  
  16  0:50  SCV  
  17  1:00  Command Center  
  17  1:03  SCV  
  18  1:15  SCV  
  19  1:27  SCV  
  20  1:37  Command Center  
  20  1:41  SCV  
  21  1:53  SCV  
  22  1:56  Barracks  
  22  2:05  SCV  
  23  2:12  SCV  
  24  2:17  SCV  
  25  2:24  SCV  
  25  2:29  SCV  
  27  2:32  Barracks  
  27  2:36  SCV  
  28  2:41  SCV  
  29  2:44  Marine  
  29  2:48  Orbital Command  
  29  2:49  Orbital Command  
  30  2:54  Orbital Command  
  30  3:07  Barracks, Marine  
  31  3:13  Barracks  
  31  3:14  SCV  
  31  3:18  SCV  
  33  3:20  Barracks, SCV  
  33  3:23  Marine  
  35  3:28  Marine  
  36  3:34  SCV x2  
  36  3:35  Barracks, SCV  
  39  3:41  Marine  
  39  3:46  Marine, SCV  
  39  3:47  SCV  
  43  3:51  SCV  
  44  3:59  Marine, SCV x2  
  44  4:00  Marine x2  
  49  4:03  SCV  
  49  4:04  Marine, Supply Depot  
  49  4:07  Marine  
  52  4:11  SCV  
  52  4:16  SCV  
  53  4:25  Refinery, Marine x5, Supply Depot, SCV x2  
  53  4:26  Refinery  
  53  4:27  Supply Depot  
  53  4:28  SCV  
  53  4:29  Refinery  
  53  4:30  Refinery  
  61  4:37  Marine  
  61  4:40  Refinery  
  61  4:46  Marine x5  
  61  4:47  Bunker, SCV x2  
  61  4:49  Supply Depot  
  61  4:50  SCV  
  61  4:51  Supply Depot  
  69  4:55  Marine  
  69  4:56  Refinery  
  69  4:59  SCV x2  
  72  5:04  Marine x5  
  74  5:17  Supply Depot  
  74  5:19  Supply Depot  
  74  5:22  Supply Depot  
  60  5:35  Marine  
  53  5:38  Marine x5, SCV x3  
  53  5:40  Supply Depot  
  60  5:51  SCV x3  
  60  5:53  Marine  
  60  5:56  Marine x5  
  69  6:03  SCV x3  
  72  6:10  Marine  
  73  6:14  Marine x5  
  73  6:15  SCV x3  
  81  6:27  SCV x3  
  81  6:31  Supply Depot  
  81  6:32  Supply Depot  
  85  6:34  Supply Depot  
  85  6:35  Barracks Tech Lab  
  85  6:36  Barracks Reactor x3, Barracks Tech Lab x2  
  85  6:37  Supply Depot  
  85  6:39  SCV  
  85  6:52  Factory  
  85  6:53  SCV x3  
  88  6:56  Supply Depot  
  88  7:01  Supply Depot  
  88  7:02  Supply Depot  
  88  7:05  SCV x3  
  88  7:06  Supply Depot  
  91  7:14  Combat Shield  
  91  7:15  Concussive Shells, Stimpack  
  91  7:17  SCV x3  
  91  7:20  Engineering Bay  
  94  7:23  Supply Depot  
  94  7:24  Engineering Bay  
  94  7:27  Supply Depot  
  94  7:29  SCV x3  
  97  7:31  Supply Depot  
  97  7:33  Command Center  
  97  7:41  SCV x3  
  97  7:42  Marine x5  
  97  7:43  Marine x2  
  109  7:47  Factory Tech Lab  
  107  7:54  SCV x3  
  107  7:55  Starport  
  110  7:58  Ghost Academy  
  110  7:59  Marine  
  110  8:00  Marine x2, Barracks Reactor  
  110  8:04  Ghost Academy  
  113  8:06  SCV x3  
  113  8:07  Ghost Academy  
  113  8:08  Ghost Academy  
  113  8:09  Armory, Marine  
  113  8:10  Marine x3  
  120  8:17  Marine  
  120  8:18  Marine x2, SCV x3  
  120  8:19  Terran Infantry Armor Level 1, Terran Infantry Weapons Level 1  
  126  8:24  Siege Tank  
  129  8:27  Marine x2  
  129  8:29  Missile Turret x2  
  129  8:30  Missile Turret, SCV x2  
  129  8:31  Missile Turret  
  133  8:34  Missile Turret  
  133  8:35  Marine x3  
  133  8:36  Missile Turret x4  
  136  8:47  Planetary Fortress  
  135  8:58  Marine x7  
  135  8:59  Marine, Marauder  
  135  9:00  Siege Tank  
  147  9:10  Command Center  
  149  9:17  Marine x3, Marauder, Ghost  
  149  9:18  Marine x2, Supply Depot  
  149  9:20  Ghost  
  149  9:23  Marine  
  161  9:38  Marauder  
  161  9:40  Barracks  
  161  9:42  Barracks  
  161  9:45  Ghost  
  161  9:48  Barracks, Ghost  
  161  9:51  Missile Turret, Marine x2  
  161  9:52  Missile Turret x2, Refinery  
  167  9:56  Enhanced Shockwaves  
  167  9:57  Personal Cloaking  
  167  9:59  Ghost  
  169  10:00  Nuke  
  169  10:08  Refinery  
  169  10:10  Marine x4  
  169  10:11  Medivac x2  
  169  10:14  Ghost  
  177  10:16  Ghost Academy  
  177  10:17  Ghost  
  181  10:25  Ghost Academy  
  181  10:27  Planetary Fortress  
  181  10:28  Ghost Academy  
  181  10:29  Ghost  
  181  10:30  Ghost Academy  
  183  10:44  Marine x2  
  183  10:46  Marine x2  
  183  10:47  Marine x5  
  183  10:49  Medivac, Thor  
  198  11:07  Marine x2  
  198  11:08  Marine, Marauder  
  177  11:21  Marine x4  
  177  11:22  Marauder x2  
  136  11:28  Marine x2  
  136  11:29  Marine x3, Marauder  
  136  11:32  Nuke  
  122  11:33  Nuke  
  122  11:34  Nuke  
  122  11:38  Marine  
  122  11:39  Marine x3  
  126  11:43  Marauder, Ghost  
  126  11:46  Marine x4  
  133  11:50  Marine, Ghost  
  131  11:56  Marine  
  131  12:00  Marine x2  
  131  12:01  Marine  
  119  12:04  Ghost  
  94  12:08  Marine x3  
  94  12:12  Marauder  
  87  12:19  Marauder  
  86  12:25  Marine x3  
  77  12:33  Marauder x2  
  79  12:41  Marauder  
  79  12:43  Marine  
  79  12:44  Marine x4  
  82  12:45  Marine x2  
  84  12:51  Marine  
  84  12:52  Marine  
  84  12:54  Marauder, Ghost  
  83  13:01  Marine x2, Ghost  
  83  13:02  Marine  
  85  13:09  Marine x3  
  65  13:14  Marine  
  65  13:15  Marine, Ghost  
  59  13:23  Marauder  
  59  13:26  Marine  
  59  13:27  Marine  
  62  13:31  Marauder  
  65  13:44  Marauder  
  65  13:45  Marauder  
  69  13:52  Marauder  
  69  13:55  Command Center  
  71  13:56  Marine x2  
  73  14:06  Marauder x2  
  77  14:13  Marauder  
  77  14:16  Terran Infantry Weapons Level 2  
  79  14:18  Terran Infantry Armor Level 2  
  79  14:21  Nuke  
  79  14:23  Nuke  
  79  14:25  Nuke  
  79  14:26  Ghost  
  79  14:28  Nuke  
  81  14:32  SCV x3  
  84  14:40  Marine  
  84  14:41  Marine x2  
  84  14:44  SCV x3  
  90  14:56  SCV x3  
  93  15:10  Ghost x3  
  93  15:12  Marine  
  85  15:47  Orbital Command  
  85  15:49  Marine  
  85  15:50  Marine x4  
  85  15:51  Marine, Marauder x2  
  95  16:10  Marine x4  
  95  16:11  Marine, Marauder  
  101  16:25  Marine  
  101  16:26  Marine x2  
  101  16:29  Medivac  
  106  16:40  SCV  
  106  16:41  Refinery  
  44  17:29  Marine x2  
  45  17:30  Marine x5  
  45  17:31  Marauder x2  
  45  17:35  Marine  
  56  17:38  SCV  
  57  18:03  Nuke x2  
  50  18:21  Marine x3, Marauder  
  50  18:22  Marauder  
  50  18:33  Command Center  
  50  18:37  Marine x2  
  50  18:38  Marauder  
  50  18:39  Nuke  
  54  18:50  Marine  
  54  18:51  Marauder  
  43  19:43  Marine  
  43  19:54  Marine  
  44  20:23  Marine, Ghost  
  44  20:24  Marine x3  
  44  20:27  Nuke  
  50  20:28  Terran Infantry Weapons Level 3  
  50  20:29  Terran Infantry Armor Level 3  
  50  20:31  Planetary Fortress  
  50  20:36  Marine x2, Ghost  
  50  20:37  Refinery, Marine  
  50  20:38  Refinery  
  50  20:40  Medivac  
  50  20:42  SCV x2  
  59  20:46  Orbital Command  
  59  20:53  SCV  
  59  20:54  SCV  
  59  20:55  SCV  
  62  21:01  Marine x2, Ghost x2  
  62  21:02  Marine x2  
  70  21:05  SCV  
  70  21:18  Marine x2  
  72  21:28  Ghost  
  72  21:29  Marine x4, Ghost  
  55  22:22  Command Center  
  55  22:26  Marine x3  
  55  22:27  Marine, Marauder  
  55  22:28  Missile Turret  
  55  22:29  Missile Turret  
  61  22:38  Marine  
  61  22:39  Marine x3  
  61  22:40  Marauder  
  67  22:49  Barracks Reactor  
  67  22:51  Missile Turret  
  67  23:00  Marine, Marauder  
  68  23:09  Marine  
  68  23:22  Barracks Reactor  
  62  23:41  Marine x2  
  34  25:09  Marine  
Tags
 
Add a new tag
Caveats
  • Supply blocks, unpowered buildings, or Contaminate may cause inaccurate times.
  • Supply counts are checked every 10 seconds.